SOL
KNOXVILLE BLUE JAYS @ CHARLOTTE HORNETS
08/14/1982
 
TOP OF THE 1ST
Knoxville Blue Jays batting - Pitching for Charlotte Hornets : RHP Dale Mohorcic
Pitching: RHP Dale Mohorcic
Batting: RHB Jerry Royster 0-0: Ground out 4-3 (Groundball, 4M, EV 83.1 MPH)
Batting: RHB Jose Canseco 0-0: Ball
1-0: Ball
2-0: Ball
3-0: Base on Balls
Batting: RHB Jason Adams 0-0: Foul Ball, location: 2F
0-1: Swinging Strike
0-2: Foul Ball, location: 2F
0-2: Hit by Pitch
Jose Canseco to second
Batting: RHB Fritzie Connally 0-0: Fly out, F4 (Popup, 4D, EV 70.6 MPH)
Batting: RHB Alex Villalobos 0-0: Ball
1-0: Foul Ball, location: 2F
1-1: Ball
2-1: Ball
3-1: DOUBLE (Line Drive, 89M, EV 100.6 MPH)
Jose Canseco scores
Jason Adams to third
Batting: RHB Eugene Pallavicini 0-0: SINGLE (Groundball, 4MD, EV 95.0 MPH)
Jason Adams scores
Alex Villalobos to third
Runner from 3rd tries for Home, SAFE, throw by CF to home
Batting: RHB Rick Sweet 0-0: Ball
1-0: Ball
2-0: Foul Ball, location: 2F
2-1: Foul Ball, location: 2F
2-2: Fly out, F7 (Flyball, 78M, EV 88.1 MPH)
Top of the 1st over - 3 runs, 2 hits, 0 errors, 1 left on base; Knoxville 3 - Charlotte 0
BOTTOM OF THE 1ST
Charlotte Hornets batting - Pitching for Knoxville Blue Jays : RHP Brian Slagle
Pitching: RHP Brian Slagle
Batting: RHB Charles Stafford 0-0: Called Strike
0-1: Ball
1-1: Foul Ball, location: 2F
1-2: Ball
2-2: Foul Ball, location: 2F
2-2: Ground out 4-3 (Groundball, 4, EV 82.5 MPH)
Batting: RHB Juan Bonilla 0-0: Ball
1-0: SINGLE (Flyball, 5D, EV 98.8 MPH)
Batting: RHB Ron Johnson 0-0: Foul Ball, location: 2F
0-1: Grounds into double play, 5-4-3 (Groundball, 5L, EV 99.4 MPH)
Bottom of the 1st over - 0 runs, 1 hit, 0 errors, 0 left on base; Knoxville 3 - Charlotte 0
TOP OF THE 2ND
Knoxville Blue Jays batting - Pitching for Charlotte Hornets : RHP Dale Mohorcic
Batting: LHB Ken Bolek 0-0: Called Strike
0-1: Ball
1-1: Swinging Strike
1-2: Fly out, F9 (Flyball, 89M, EV 92.5 MPH)
Batting: RHB Kenny Hanes 0-0: Called Strike
0-1: SINGLE (Groundball, 6MD, EV 100.6 MPH)
Batting: RHB Jerry Royster 0-0: Called Strike
0-1: Ball
1-1: Foul Ball, location: 2F
1-2: Foul Ball, location: 2F
1-2: Ball
2-2: Ball
3-2: Ground out 6-3 (Groundball, 6, EV 88.1 MPH)
Kenny Hanes to second
Batting: RHB Jose Canseco 0-0: Called Strike
0-1: Foul Ball, location: 2F
0-2: Ball
1-2: Ground out 5-3 (Groundball, 5, EV 91.9 MPH)
Top of the 2nd over - 0 runs, 1 hit, 0 errors, 1 left on base; Knoxville 3 - Charlotte 0
BOTTOM OF THE 2ND
Charlotte Hornets batting - Pitching for Knoxville Blue Jays : RHP Brian Slagle
Batting: RHB Tom Romano 0-0: Foul Ball, location: 2F
0-1: Ball
1-1: Ball
2-1: Foul Ball, location: 2F
2-2: Strikes out looking
Batting: RHB Barry Lyons 0-0: Ball
1-0: Ground out 5-3 (Groundball, 56, EV 103.8 MPH)
Batting: LHB Jesus Diaz 0-0: Called Strike
0-1: Foul Ball, location: 2F
0-2: Strikes out swinging, 2-3 out at first.
Bottom of the 2nd over - 0 runs, 0 hits, 0 errors, 0 left on base; Knoxville 3 - Charlotte 0
TOP OF THE 3RD
Knoxville Blue Jays batting - Pitching for Charlotte Hornets : RHP Dale Mohorcic
Batting: RHB Jason Adams 0-0: Foul Ball, location: 2F
0-1: Ball
1-1: SINGLE (Line Drive, 8RS, EV 112.5 MPH)
Batting: RHB Fritzie Connally 0-0: Called Strike
0-1: Fly out, F3 (Popup, 34, EV 75.6 MPH)
Batting: RHB Alex Villalobos 0-0: Called Strike
0-1: Fly out, F8 (Line Drive, 8RM, EV 86.9 MPH)
Batting: RHB Eugene Pallavicini 0-0: Ball
1-0: DOUBLE (Line Drive, 7LS, EV 103.1 MPH)
Jason Adams to third
Runner from 3rd tries for Home, SAFE, no throw by LF
Batting: RHB Rick Sweet 0-0: Called Strike
0-1: SINGLE (Line Drive, 89S, EV 95.0 MPH)
Eugene Pallavicini to third
Runner from 3rd tries for Home, SAFE, throw by RF to home
Batting: LHB Ken Bolek 0-0: Ball
1-0: Called Strike
1-1: Swinging Strike
1-2: Foul Ball, location: 2F
1-2: Ball
2-2: Ball
3-2: Base on Balls
Rick Sweet to second
Batting: RHB Kenny Hanes 0-0: Called Strike
0-1: Ball
1-1: SINGLE (Groundball, 6MS, EV 70.6 MPH) (infield hit)
Rick Sweet to third
Ken Bolek to second
Batting: RHB Jerry Royster 0-0: Ball
1-0: Fielders Choice at 2nd, 6-4 (Groundball, 6, EV 87.5 MPH)
Top of the 3rd over - 2 runs, 4 hits, 0 errors, 3 left on base; Knoxville 5 - Charlotte 0
BOTTOM OF THE 3RD
Charlotte Hornets batting - Pitching for Knoxville Blue Jays : RHP Brian Slagle
Batting: RHB Alvaro Espinoza 0-0: Ball
1-0: Called Strike
1-1: Foul Ball, location: 2F
1-2: Foul Ball, location: 2F
1-2: Ball
2-2: Ground out 6-3 (Groundball, 6, EV 81.9 MPH)
Batting: SHB Jose Mota 0-0: Called Strike
0-1: Foul Ball, location: 2F
0-2: Ball
1-2: Strikes out swinging
Batting: RHB John O'Rear 0-0: Ball
1-0: Foul Ball, location: 2F
1-1: Fly out, F9 (Flyball, 89M, EV 82.5 MPH)
Bottom of the 3rd over - 0 runs, 0 hits, 0 errors, 0 left on base; Knoxville 5 - Charlotte 0
TOP OF THE 4TH
Knoxville Blue Jays batting - Pitching for Charlotte Hornets : RHP Dale Mohorcic
Batting: RHB Jose Canseco 0-0: Ground out 5-3 (Groundball, 56S, EV 81.3 MPH)
Batting: RHB Jason Adams 0-0: Fly out, F4 (Popup, 4M, EV 57.5 MPH)
Batting: RHB Fritzie Connally 0-0: Called Strike
0-1: Ball
1-1: Ball
2-1: Ball
3-1: Base on Balls
Batting: RHB Alex Villalobos 0-0: Ball
1-0: Ball
2-0: Ground out 6-3 (Groundball, 6, EV 93.1 MPH)
Top of the 4th over - 0 runs, 0 hits, 0 errors, 1 left on base; Knoxville 5 - Charlotte 0
BOTTOM OF THE 4TH
Charlotte Hornets batting - Pitching for Knoxville Blue Jays : RHP Brian Slagle
Batting: RHB Charles Stafford 0-0: Called Strike
0-1: Ball
1-1: Ball
2-1: Called Strike
2-2: Strikes out swinging
Batting: RHB Juan Bonilla 0-0: Ball
1-0: Fly out, F6 (Line Drive, 6, EV 70.0 MPH)
Batting: RHB Ron Johnson 0-0: Ball
1-0: Ball
2-0: Swinging Strike
2-1: Fly out, F8 (Flyball, 78M, EV 90.0 MPH)
Bottom of the 4th over - 0 runs, 0 hits, 0 errors, 0 left on base; Knoxville 5 - Charlotte 0
TOP OF THE 5TH
Knoxville Blue Jays batting - Pitching for Charlotte Hornets : RHP Dale Mohorcic
Batting: RHB Eugene Pallavicini 0-0: Ball
1-0: Called Strike
1-1: Ball
2-1: Foul Ball, location: 2F
2-2: Ball
3-2: Fly out, F9 (Flyball, 9, EV 73.8 MPH)
Batting: RHB Rick Sweet 0-0: Foul Ball, location: 2F
0-1: Ball
1-1: Ball
2-1: Ball
3-1: Called Strike
3-2: Ground out 1-3 (Groundball, P, EV 67.5 MPH)
Batting: LHB Ken Bolek 0-0: Fly out, F5 (Popup, 5, EV 58.8 MPH)
Top of the 5th over - 0 runs, 0 hits, 0 errors, 0 left on base; Knoxville 5 - Charlotte 0
BOTTOM OF THE 5TH
Charlotte Hornets batting - Pitching for Knoxville Blue Jays : RHP Brian Slagle
Batting: RHB Tom Romano 0-0: Ball
1-0: Foul Ball, location: 2F
1-1: Foul Ball, location: 2F
1-2: Foul Ball, location: 2F
1-2: Strikes out swinging
Batting: RHB Barry Lyons 0-0: Ball
1-0: Ball
2-0: Called Strike
2-1: Ball
3-1: Fly out, F8 (Flyball, 8RS, EV 95.0 MPH)
Batting: LHB Jesus Diaz 0-0: Called Strike
0-1: Ball
1-1: Ground out U3 (Groundball, 3L, EV 96.9 MPH)
Bottom of the 5th over - 0 runs, 0 hits, 0 errors, 0 left on base; Knoxville 5 - Charlotte 0
TOP OF THE 6TH
Knoxville Blue Jays batting - Pitching for Charlotte Hornets : RHP Dale Mohorcic
Pitching: RHP Roger Begue
Batting: RHB Kenny Hanes 0-0: Fly out, F9 (Flyball, 9, EV 85.6 MPH)
Batting: RHB Jerry Royster 0-0: Foul Ball, location: 2F
0-1: SINGLE (Groundball, 4D, EV 104.4 MPH)
Batting: RHB Jose Canseco 0-0: Fly out, F7 (Line Drive, 7D, EV 93.8 MPH)
Batting: RHB Jason Adams 0-0: Ball
1-0: Called Strike
1-1: Ball
2-1: SINGLE (Groundball, 4D, EV 98.8 MPH)
Jerry Royster to second
Runner from 2nd tries for 3rd, SAFE, throw by RF made to third
Batting: RHB Fritzie Connally 0-0: Called Strike
0-1: Ball
1-1: Called Strike
1-2: Ball
2-2: SINGLE (Line Drive, 9S, EV 101.9 MPH)
Jerry Royster scores
Jason Adams to second
Batting: RHB Alex Villalobos 0-0: Ball
1-0: Ball
2-0: Ball
3-0: Base on Balls
Jason Adams to third
Fritzie Connally to second
Batting: RHB Eugene Pallavicini 0-0: Ball
1-0: Ground out 4-3 (Groundball, 4, EV 90.6 MPH)
Top of the 6th over - 1 run, 3 hits, 0 errors, 3 left on base; Knoxville 6 - Charlotte 0
BOTTOM OF THE 6TH
Charlotte Hornets batting - Pitching for Knoxville Blue Jays : RHP Brian Slagle
Batting: RHB Alvaro Espinoza 0-0: Called Strike
0-1: Ball
1-1: Swinging Strike
1-2: Ground out U3 (Groundball, 34, EV 88.1 MPH)
Batting: SHB Jose Mota 0-0: Foul Ball, location: 2F
0-1: Ball
1-1: Swinging Strike
1-2: Ball
2-2: Foul Ball, location: 2F
2-2: Hit by Pitch
Batting: RHB John O'Rear 0-0: SINGLE (Groundball, 6MD, EV 99.4 MPH)
Jose Mota to second
Runner from 2nd tries for 3rd, SAFE, throw by CF made to third
Batting: RHB Charles Stafford 0-0: Called Strike
John O'Rear steals 2nd base
0-1: Foul Ball, location: 2F
0-2: Strikes out swinging
Batting: RHB Juan Bonilla 0-0: Ball
1-0: SINGLE (Line Drive, 78S, EV 98.1 MPH)
Jose Mota scores
John O'Rear to third
Runner from 3rd tries for Home, SAFE, throw by CF to home
Batting: RHB Ron Johnson 0-0: Ball
1-0: Ball
2-0: Called Strike
2-1: SINGLE (Line Drive, 9S, EV 107.5 MPH)
Juan Bonilla to second
Batting: RHB Tom Romano 0-0: Ball
1-0: Fielders Choice at 2nd, 6-4 (Groundball, 6, EV 84.4 MPH)
Bottom of the 6th over - 2 runs, 3 hits, 0 errors, 2 left on base; Knoxville 6 - Charlotte 2
TOP OF THE 7TH
Knoxville Blue Jays batting - Pitching for Charlotte Hornets : RHP Roger Begue
Batting: RHB Rick Sweet 0-0: Ball
1-0: Ball
2-0: Called Strike
2-1: Ground out 5-3 (Groundball, 25, EV 87.5 MPH)
Batting: LHB Ken Bolek 0-0: Ball
1-0: Ball
2-0: Called Strike
2-1: Foul Ball, location: 2F
2-2: Strikes out swinging
Pitching: RHP Mark Saunders
Batting: RHB Kenny Hanes 0-0: Called Strike
0-1: Called Strike
0-2: Strikes out swinging
Top of the 7th over - 0 runs, 0 hits, 0 errors, 0 left on base; Knoxville 6 - Charlotte 2
BOTTOM OF THE 7TH
Charlotte Hornets batting - Pitching for Knoxville Blue Jays : RHP Brian Slagle
Batting: RHB Barry Lyons 0-0: Ball
1-0: Ground out U3 (Groundball, 34, EV 83.1 MPH)
Batting: LHB Jesus Diaz 0-0: Ball
1-0: Swinging Strike
1-1: Ball
2-1: Ball
3-1: Base on Balls
Batting: RHB Alvaro Espinoza 0-0: Called Strike
Jesus Diaz steals 2nd base
0-1: Foul Ball, location: 2F
0-2: Ball
1-2: Ball
2-2: Ground out 5-3 (Groundball, 5, EV 106.9 MPH)
Batting: SHB Jose Mota 0-0: Called Strike
0-1: Swinging Strike
0-2: Ball
1-2: Strikes out swinging
Bottom of the 7th over - 0 runs, 0 hits, 0 errors, 1 left on base; Knoxville 6 - Charlotte 2
TOP OF THE 8TH
Knoxville Blue Jays batting - Pitching for Charlotte Hornets : RHP Mark Saunders
Batting: RHB Jerry Royster 0-0: Called Strike
0-1: Ball
1-1: Foul Ball, location: 2F
1-2: Strikes out swinging
Batting: RHB Jose Canseco 0-0: Ball
1-0: Swinging Strike
1-1: Called Strike
1-2: Ground out 5-3 (Groundball, 56, EV 80.0 MPH)
Batting: RHB Jason Adams 0-0: Ball
1-0: Ball
2-0: Ball
3-0: Base on Balls
Batting: RHB Fritzie Connally 0-0: Ball
1-0: Ball
2-0: Ball
3-0: Called Strike
3-1: Foul Ball, location: 2F
3-2: Strikes out looking
Top of the 8th over - 0 runs, 0 hits, 0 errors, 1 left on base; Knoxville 6 - Charlotte 2
BOTTOM OF THE 8TH
Charlotte Hornets batting - Pitching for Knoxville Blue Jays : RHP Brian Slagle
Batting: RHB John O'Rear 0-0: Ball
1-0: Ball
2-0: Ball
3-0: Base on Balls
Batting: RHB Charles Stafford 0-0: Foul Ball, location: 2F
0-1: Ball
1-1: Fly out, F9 (Flyball, 89D, EV 90.0 MPH)
Batting: RHB Juan Bonilla 0-0: Ball
1-0: Ball
2-0: Swinging Strike
2-1: SINGLE (Groundball, 4MD, EV 101.9 MPH)
John O'Rear to second
Runner from 2nd tries for 3rd, SAFE, throw by CF made to third
Batting: RHB Ron Johnson 0-0: Foul Ball, location: 2F
0-1: Ball
1-1: Ball
2-1: Grounds into double play, 4-6-3 (Groundball, 4, EV 105.0 MPH)
Bottom of the 8th over - 0 runs, 1 hit, 0 errors, 1 left on base; Knoxville 6 - Charlotte 2
TOP OF THE 9TH
Knoxville Blue Jays batting - Pitching for Charlotte Hornets : RHP Mark Saunders
Batting: RHB Alex Villalobos 0-0: Ball
1-0: Ball
2-0: Called Strike
2-1: SINGLE (Line Drive, 34D, EV 104.4 MPH)
Pitching: RHP Earl Weaver
Batting: RHB Eugene Pallavicini 0-0: Bunt missed!
0-1: Bunted foul
0-2: Ball
1-2: Ball
2-2: Ball
3-2: Foul Ball, location: 2F
3-2: Fly out, F8 (Flyball, 8LM, EV 88.8 MPH)
Batting: RHB Rick Sweet 0-0: Called Strike
0-1: Ground out 6-3 (Groundball, 6, EV 77.5 MPH)
Alex Villalobos to second
Batting: LHB Ken Bolek 0-0: Intentional Walk
Batting: RHB Kenny Hanes 0-0: Ball
1-0: Ball
2-0: Ground out 6-3 (Groundball, 6M, EV 81.3 MPH)
Top of the 9th over - 0 runs, 1 hit, 0 errors, 2 left on base; Knoxville 6 - Charlotte 2
BOTTOM OF THE 9TH
Charlotte Hornets batting - Pitching for Knoxville Blue Jays : RHP Brian Slagle
Pitching: LHP Jeff Haines
Batting: RHB Tom Romano 0-0: Called Strike
0-1: Called Strike
0-2: SINGLE (Flyball, 89S, EV 86.3 MPH)
Batting: RHB Barry Lyons 0-0: Ball
1-0: Called Strike
1-1: Ball
2-1: Foul Ball, location: 2F
2-2: Foul Ball, location: 2F
2-2: Ball
3-2: Base on Balls
Tom Romano to second
Batting: LHB Jesus Diaz 0-0: Ball
1-0: Ball
2-0: Reached on error, E4 (Groundball, 4, EV 100.6 MPH)
Tom Romano to third
Barry Lyons to second
Batting: RHB Alvaro Espinoza 0-0: Ball
1-0: Fly out, F5 (Popup, 56, EV 63.1 MPH)
Batting: SHB Jose Mota 0-0: Fielders Choice at 2nd, 5-4 (Groundball, 56, EV 91.3 MPH)
Tom Romano scores
Barry Lyons to third
Batting: RHB John O'Rear 0-0: Called Strike
0-1: Ball
1-1: Called Strike
1-2: Fielders Choice at 2nd, 6-4 (Groundball, 6, EV 83.8 MPH)
Bottom of the 9th over - 1 run, 1 hit, 1 error, 2 left on base; Knoxville 6 - Charlotte 3
Friday, August 21st, 2020 - OOTP Baseball 21.5 Build 76